 Dungeon Crawl Stone Soup version 0.31.0-9-g3a7656b989 (webtiles) character file.

Game seed: 16220916252433454378

678821 dacreux the Conqueror (level 27, -11/409 HPs)
             Began as a Minotaur Fighter on Jan 24, 2024.
             Was a High Priest of Okawaru.
             Killed from afar by a Killer Klown (20 damage)
             ... with a klown pie
             ... on level 5 of the Realm of Zot on Jan 25, 2024.
             The game lasted 03:43:59 (83432 turns).

dacreux the Conqueror (Minotaur Fighter)           Turns: 83432, Time: 03:43:59

Health: -11/409    AC: 34    Str: 32      XL:     27
Magic:  25/27      EV:  2    Int:  6 (7)  God:    Okawaru [*****.]
Gold:   6274       SH: 29    Dex:  8 (9)  Spells: 26/26 levels left

rFire   + + .        K - +9 broad axe (spect)
rCold   . . .        B - +8 tower shield {reflect}
rNeg    + + .        R - melded +10 crystal plate armour of Objectivity {Fly}
rPois   +            Q - melded +4 hat of Dynoda {Str+3}
rElec   .            c - melded +2 cloak {rCorr}
rCorr   +            M - melded +2 pair of gloves {hurl}
SInv    .            e - melded +1 pair of boots of Exclusion {rF++ Str+3}
Will    ++...        l - amulet "Osmara" {Acrobat rN++ Regen+} Stlth
                     v - ring of protection from fire
HPRegen 1.68/turn    i - ring of Lesser Demons {rF+ rCorr EV+5}
MPRegen 0.20/turn

%: reflection, acrobat
@: mighty, tree-form, silenced, marked, studying Unarmed Combat, unable to drink
A: stationary, stasis, torment immunity, boosted hp, (horns 2), (retaliatory
headbutt), (hooves 1), (large bone plates 1), clumsy 1, deterioration 1, low MP
1, no potion heal 1, (heat vulnerability 1)
}: 5/15 runes: decaying, serpentine, slimy, silver, abyssal
a: Renounce Religion


You were on level 5 of the Realm of Zot.
You worshipped Okawaru.
Okawaru was extremely pleased with you.
You were a tree.
You visited 13 branches of the dungeon, and saw 57 of its levels.
You visited the Abyss 3 times.
You also visited: Trove, Bailey and Ice Cave.

You collected 10256 gold pieces.
You spent 3982 gold pieces at shops.

Inventory:

Hand Weapons
 I - the +8 hand axe "Cud Boj" {speed, rC+}
   (You bought it in a shop on level 3 of the Vaults)

   rC+:       It protects you from cold.
 K - a +9 spectral broad axe (weapon)
 T - a +9 heavy executioner's axe
Missiles
 s - 42 atropa-tipped darts
 E - 16 silver javelins (quivered)
Armour
 c - a +2 cloak of preservation (melded)
 e - the +1 pair of boots of Exclusion (melded) {rF++ Str+3}
   (You found it in a treasure trove)

   Str+3:     It affects your strength (+3).
   rF++:      It greatly protects you from fire.
 p - +0 fire dragon scales
 B - a +8 tower shield of reflection (worn)
 F - the +0 plate armour of Springtime {+Inv rElec rF+++ Str-4}
   (You found it in a treasure trove)

   Str-4:     It affects your strength (-4).
   rF+++:     It renders you almost immune to fire.
   rElec:     It insulates you from electricity.
   +Inv:      It lets you turn invisible.
 M - a +2 pair of gloves of hurling (melded)
 Q - the +4 hat of Dynoda (melded) {Str+3}
   (You found it on level 3 of the Elven Halls)

   Str+3:     It affects your strength (+3).
 R - the +10 crystal plate armour of Objectivity (melded) {Fly}
   (Okawaru gifted it to you on level 10 of the Dungeon)

   Fly:       It grants you flight.
Jewellery
 a - the ring of Arphiajec {rN++ Dex+6}
   (You bought it in a shop on level 3 of the Depths)

   [ring of dexterity]

   Dex+6:     It affects your dexterity (+6).
   rN++:      It greatly protects you from negative energy.
 h - the ring of Yloallur {rElec Will+ EV+5 Int+2 Slay-2}
   (You found it on level 5 of the Pits of Slime)

   [ring of evasion]

   EV+5:      It affects your evasion (+5).
   Int+2:     It affects your intelligence (+2).
   Slay-2:    It affects your accuracy & damage with ranged weapons and melee
   (-2).
   rElec:     It insulates you from electricity.
   Will+:     It increases your willpower.
 i - the ring of Lesser Demons (right branch) {rF+ rCorr EV+5}
   (You found it on level 3 of the Depths)

   [ring of evasion]

   EV+5:      It affects your evasion (+5).
   rF+:       It protects you from fire.
   rCorr:     It protects you from acid and corrosion.
 l - the amulet "Osmara" (around neck) {Acrobat rN++ Regen+}
   (You took it off a deep elf blademaster on level 3 of the Depths)

   [amulet of the acrobat]

   Acrobat:   It increases your evasion while moving and waiting.
   rN++:      It greatly protects you from negative energy.
   Regen+:    It increases your rate of health regeneration.
 n - the ring "Hutsou Irun" {Wiz rC++ Str+3 Stlth+}
   (You found it on level 5 of the Pits of Slime)

   [ring of wizardry]

   Wiz:       It improves your spell success rate.
   Str+3:     It affects your strength (+3).
   rC++:      It greatly protects you from cold.
   Stlth+:    It makes you more stealthy.
 v - a ring of protection from fire (left branch)
 y - the amulet "Foqeev" {Acrobat rF+ Will+}
   (You found it on level 5 of the Vaults)

   [amulet of the acrobat]

   Acrobat:   It increases your evasion while moving and waiting.
   rF+:       It protects you from fire.
   Will+:     It increases your willpower.
 A - the amulet "Gonuicuu" {RegenMP ^Fragile rF+++ Regen+ Int-4}
   (You found it on level 5 of the Pits of Slime)

   [amulet of magic regeneration]

   RegenMP:   It increases your rate of magic regeneration.
   Int-4:     It affects your intelligence (-4).
   rF+++:     It renders you almost immune to fire.
   Regen+:    It increases your rate of health regeneration.
   ^Fragile:  It will be destroyed if unequipped.
 O - the ring "Qayrgh" {Ice Str+3 Int+2}
   (You took it off Josephina on level 1 of the Crypt)

   [ring of ice]

   Ice:       It enhances your ice magic.
   Str+3:     It affects your strength (+3).
   Int+2:     It affects your intelligence (+2).
   rF-:       It makes you vulnerable to fire.
   rC+:       It protects you from cold.
 S - a +4 ring of protection
 V - a ring of wizardry
 Y - a ring of willpower
 Z - a +6 ring of strength
Wands
 j - a wand of mindburst (23)
 C - a wand of iceblast (52)
 D - a wand of polymorph (15)
 G - a wand of acid (34)
 N - a wand of paralysis (60)
 X - a wand of digging (35)
Scrolls
 f - 4 scrolls of silence
 g - 7 scrolls of vulnerability
 r - a scroll of blinking
 u - 4 scrolls of revelation
 w - 12 scrolls of fear
 L - 11 scrolls of teleportation
Potions
 b - 6 potions of cancellation
 d - 7 potions of might
 o - 12 potions of curing
 q - 7 potions of berserk rage
 t - 12 potions of enlightenment
 z - 7 potions of lignification
 H - 2 potions of heal wounds
 J - 7 potions of mutation
 P - 5 potions of resistance
 U - 4 potions of invisibility
 W - 7 potions of haste
Miscellaneous
 k - a phial of floods
 m - a lightning rod (4/4)
 x - a condenser vane


   Skills:
 O Level 27 Fighting
 - Level 24.0 Axes
 + Level 14.6 Throwing
 O Level 27 Armour
 + Level 17.8 Dodging
 + Level 22.7 Shields
 - Level 12.0 Invocations
 - Level 14.8 Evocations


You had 26 spell levels left.
You didn't know any spells.
Your spell library contained the following spells:

 Spells                   Type           Power      Damage    Failure   Level
 Apportation              Tloc           0%         N/A       54%         1
 Freeze                   Ice            0%         1d3       54%         1
 Kiss of Death            Conj/Necr      0%         2d5       54%         1
 Magic Dart               Conj           0%         1d3       54%         1
 Necrotise                Necr           0%         1d4       54%         1
 Slow                     Hex            0%         N/A       54%         1
 Sting                    Conj/Alch      0%         1d3       54%         1
 Blink                    Tloc           0%         N/A       67%         2
 Cigotuvi's Dreadful Rot  Necr/Alch/Air  0%         N/A       67%         2
 Ensorcelled Hibernation  Hex/Ice        0%         N/A       67%         2
 Lesser Beckoning         Tloc           0%         N/A       67%         2
 Mercury Vapours          Alch/Air       0%         N/A       67%         2
 Scorch                   Fire           0%         2d5       67%         2
 Static Discharge         Conj/Air       0%         3-3/arc   67%         2
 Sublimation of Blood     Necr           0%         N/A       67%         2
 Confusing Touch          Hex            0%         N/A       88%         3
 Frozen Ramparts          Ice            0%         1d1       88%         3
 Fugue of the Fallen      Necr           0%         N/A       88%         3
 Gell's Gravitas          Tloc           0%         N/A       88%         3
 Hailstorm                Conj/Ice       0%         3d5       88%         3
 Inner Flame              Hex/Fire       0%         N/A       88%         3
 Mephitic Cloud           Conj/Alch/Air  0%         N/A       88%         3
 Ozocubu's Armour         Ice            0%         N/A       88%         3
 Passwall                 Erth           0%         N/A       88%         3
 Sigil of Binding         Hex            0%         N/A       88%         3
 Stone Arrow              Conj/Erth      0%         3d7       88%         3
 Swiftness                Air            0%         N/A       88%         3
 Teleport Other           Tloc           0%         N/A       88%         3
 Vampiric Draining        Necr           0%         2d6       88%         3
 Airstrike                Air            0%         2d(0-16)  99%         4
 Anguish                  Hex/Necr       0%         N/A       99%         4
 Brom's Barrelling Bould  Conj/Erth      0%         2d3       99%         4
 Cause Fear               Hex            0%         N/A       99%         4
 Dimensional Bullseye     Hex/Tloc       0%         N/A       99%         4
 Dispel Undead            Necr           0%         3d6       99%         4
 Flame Wave               Conj/Fire      0%         2d4       99%         4
 Ignite Poison            Fire/Alch      0%         N/A       99%         4
 Leda's Liquefaction      Alch/Erth      0%         N/A       99%         4
 Manifold Assault         Tloc           0%         N/A       99%         4
 Olgreb's Toxic Radiance  Alch           0%         N/A       99%         4
 Petrify                  Alch/Erth      0%         N/A       99%         4
 Sticky Flame             Fire/Alch      0%         2d4       99%         4
 Vhi's Electric Charge    Tloc/Air       0%         N/A       99%         4
 Alistair's Intoxication  Alch           0%         N/A       100%        5
 Arcjolt                  Conj/Air       0%         1d10      100%        5
 Borgnjor's Vile Clutch   Necr/Erth      0%         N/A       100%        5
 Curse of Agony           Necr           0%         N/A       100%        5
 Fireball                 Conj/Fire      0%         3d3       100%        5
 Freezing Cloud           Conj/Ice/Air   0%         6-21      100%        5
 Irradiate                Conj/Alch      0%         3d11      100%        5
 Iskenderun's Battlesphe  Conj           0%         2d6       100%        5
 Lee's Rapid Deconstruct  Erth           0%         3d4*      100%        5
 Metabolic Englaciation   Hex/Ice        0%         N/A       100%        5
 Conjure Ball Lightning   Conj/Air       0%         3x3d6     100%        6
 Eringya's Noxious Bog    Alch           0%         4d6       100%        6
 Plasma Beam              Fire/Air       0%         2x1d10    100%        6
 Orb of Destruction       Conj           0%         9d5       100%        7
 Ozocubu's Refrigeration  Ice            0%         4d7       100%        7
 Borgnjor's Revivificati  Necr           0%         N/A       100%        8
 Discord                  Hex            0%         N/A       100%        8
 Ignition                 Fire           0%         3d3       100%        8
 Lehudib's Crystal Spear  Conj/Erth      0%         10d2      100%        8
 Chain Lightning          Conj/Air       0%         N/A       100%        9
 Death's Door             Necr           0%         N/A       100%        9
 Fire Storm               Conj/Fire      0%         5d1       100%        9
 Polar Vortex             Ice            0%         N/A       100%        9
 Summon Small Mammal      Summ           Unusable   N/A       N/A         1
 Call Imp                 Summ           Unusable   N/A       N/A         2
 Call Canine Familiar     Summ           Unusable   N/A       N/A         3
 Summon Ice Beast         Ice/Summ       Unusable   N/A       N/A         3
 Animate Armour           Summ/Erth      Unusable   N/A       N/A         4
 Animate Dead             Necr           Unusable   N/A       N/A         4
 Martyr's Knell           Necr/Summ      Unusable   N/A       N/A         4
 Summon Lightning Spire   Summ/Air       Unusable   N/A       N/A         4
 Summon Forest            Summ/Tloc      Unusable   N/A       N/A         5
 Death Channel            Necr           Unusable   N/A       N/A         6
 Sculpt Simulacrum        Ice/Alch       Unusable   N/A       N/A         6
 Summon Cactus Giant      Summ           Unusable   N/A       N/A         6
 Haunt                    Necr/Summ      Unusable   N/A       N/A         7
 Summon Hydra             Summ           Unusable   N/A       N/A         7
 Dragon's Call            Summ           Unusable   N/A       N/A         9

Dungeon Overview and Level Annotations

Branches:
Dungeon (15/15)            Temple (0/1) D:4            Lair (5/5) D:9
  Swamp (4/4) Lair:2        Snake (4/4) Lair:3        Slime (5/5) Lair:4
    Orc (2/2) D:11            Elf (3/3) Orc:2        Vaults (5/5) D:14
  Crypt (3/3) Vaults:3       Tomb (1/3) Crypt:3      Depths (4/4) D:15
   Hell (visited)             Dis (0/7) Hell            Geh (0/7) Hell
    Coc (0/7) Hell            Tar (0/7) Hell            Zot (5/5) Depths:4
 Bailey (visited)           IceCv (visited)

Altars:
Cheibriados
Dithmenos
Fedhas
Gozag
Kikubaaqudgha
Makhleb
Okawaru
Qazlal
Sif Muna
Trog
Uskayaw
Vehumet
Wu Jian
Xom
Yredelemnul
Zin
The Shining One
Jiyva
Lugonu

Shops:
D:6 ((?   D:9 *   D:12 *   Orc:2 [(([   Snake:4 :   Vaults:2 =*   Vaults:3 ?(
Zot:4 *   Depths:3 :=:

Portals:
Hell: Depths:1 Depths:2 Depths:3 Depths:4
Abyss: Lair:5 Depths:3
Pandemonium: Depths:2
Ziggurat: Depths:2

Annotations:
D:10 exclusion: statue
Zot:1 2 transporters, stpyramids's ghost, legendary DDFi
Zot:3 2 transporters, sasquatch's ghost, legendary MiFi


Innate Abilities, Weirdness & Mutations

You are a tree.
Your roots penetrate the ground, keeping you stationary.
You cannot be teleported.
You are immune to unholy pain and torment.
Your maximum health is greatly increased.
Your equipment is partially melded.
((You have a pair of horns on your head.))
((You reflexively headbutt those who attack you in melee.))
((You have large cloven feet.))
((You are partially covered in large bone plates. (SH +4)))
You are clumsy. (Dex -2)
Your body sometimes deteriorates upon taking damage.
Your magical capacity is low. (-10% MP)
Potions are less effective at restoring your health.
((You are vulnerable to heat. (rF-)))


Message History

The bolt of lightning hits you.
* * * LOW HITPOINT WARNING * * *
x2 You block the reaper's attack.
The Orb Guardian drops a net on you.
You become entangled in the net!
Unknown command.
You turn into a tree.
Your +2 cloak of preservation melds into your body.
The +4 hat of Dynoda {Str+3} melds into your body.
Your +2 pair of gloves of hurling melds into your body.
The +1 pair of boots of Exclusion {rF++ Str+3} melds into your body.
The +10 crystal plate armour of Objectivity {Fly} melds into your body.
Your aim is not that steady anymore.
You float gracefully downwards.
Your roots penetrate the ground.
The net rips apart!
Your +9 spectral broad axe disappears.
The Killer Klown blinks!
The electric golem blinks!
The reaper hits you with a +2 scythe of distortion!!
* * * LOW HITPOINT WARNING * * *
Space warps horribly around you!
* * * LOW HITPOINT WARNING * * *
You completely miss the reaper.
Your +9 spectral broad axe hits the reaper!!!
The Killer Klown pies you viciously!
The klown pie hits you but does no damage.
The storm dragon disappears!
The Orb Guardian disappears!
Unknown command.
Okay, then.
Magic scrolls do not work when you're silenced!
Okay, then.
Okay, then.
You chop the reaper into pieces!!!
You kill the reaper!
The reaper disappears in a puff of smoke!
You completely miss the electric golem.
Your +9 spectral broad axe hits the electric golem!!!
The electric golem hurls lightning at you.
The bolt of lightning hits you!
* * * LOW HITPOINT WARNING * * *
The Killer Klown pies you viciously! The klown pie hits you!!
Lemon!
You feel unable to drink.
You die...

##### ###### ########.##
....^...## #..........
.........## ##.........
..........## #^........
..^........# ##...^....
...........# #.....)..
..:........# ##..).....
...........# #.........
......§♣...# ##.........
......9(..p###..........
(..§......###...########
.^..X...^##....##
p..§.....(...###
##▓▓▓▓▓▓▓▓▓▓▓#


You could see 2 Killer Klowns, an electric golem (unsilenced), an Orb Guardian
and a friendly +9 spectral broad axe.

Vanquished Creatures
  the Royal Jelly (Slime:5)
  Dissolution (Slime:5)
  A dread lich (Vaults:5)
  Frederick (Vaults:3)
  An ancient lich (Vaults:5)
  An orb of fire (Zot:5)
  Mennas (Crypt:2)
  Xtahua (Vaults:2)
  Josephina (Crypt:1)
  Boris (Vaults:4)
  A royal mummy (Crypt:1)
  Vv (Depths:2)
  7 curse toes
  A Killer Klown (Zot:5)
  Saint Roka (Vaults:5)
  6 caustic shrikes
  Vashnia (Snake:2)
  Geryon (Hell)
  the Enchantress (Depths:4)
  Nikola (Swamp:4)
  Norris (Depths:2)
  8 golden dragons
  2 bone dragons
  An electric golem (Zot:5)
  An iron giant (Hell)
  25 tentacled monstrosities
  The ghost of tamionv the Dancer, an adept GrFi of Uskayaw (Vaults:2)
  A hellephant (Hell)
  A tainted leviathan (Hell)
  Mlioglotl (Snake:2)
  10 Orb Guardians (Zot:5)
  8 liches
  4 quicksilver dragons
  Asterion (Vaults:3)
  3 titans (Vaults:5)
  A deep elf master archer (Elf:3)
  A shard shrike skeleton (Crypt:3)
  Murray (Depths:3)
  4 deep elf blademasters
  8 ancient champions
  29 acid blobs
  9 sphinxes
  The ghost of Nys Cevy the Brawler, an adept TrFi of Qazlal (Snake:2)
  A kraken (Abyss:3)
  4 death cobs
  The ghost of hikkokomori the Blocker, an adept GrAl of Vehumet (Snake:3)
  A tentacled starspawn (Abyss:2)
  15 storm dragons
  6 tengu reavers
  9 shadow dragons
  Aizul (Snake:2)
  A revenant (Abyss:2)
  12 fire giants
  3 nagarajas (Snake:4)
  12 azure jellies
  A protean progenitor (Zot:2)
  5 draconian shifters
  13 rockslimes
  10 frost giants
  4 draconian monks
  6 draconian scorchers
  9 draconian knights
  2 curse skulls (Crypt:3)
  17 vault wardens
  4 deep elf elementalists
  3 iron dragons
  11 deep elf sorcerers
  4 draconian annihilators
  7 very ugly things
  2 ghost moths
  Louise (Swamp:1)
  2 draconian stormcallers
  A balrug (Depths:4)
  18 ironbound preservers
  2 reapers (Hell)
  3 orc warlords
  A caustic shrike skeleton (Crypt:3)
  5 formless jellyfish
  6 ghouls
  2 spectral caustic shrikes (Crypt:1)
  9 stone giants
  6 vampire knights
  11 quicksilver oozes
  4 spriggan defenders
  11 ironbound thunderhulks
  7 white draconians
  2 eleionomae
  11 green draconians
  3 putrid mouths
  Nessos (D:15)
  10 black draconians
  7 bunyips
  6 deep elf demonologists
  A spectral titan (Crypt:1)
  4 deep elf annihilators
  10 red draconians
  13 deep elf death magi
  10 purple draconians
  9 yellow draconians
  14 dire elephants
  Azrael (D:13)
  2 war gargoyles
  5 spark wasps
  A blizzard demon (Hell)
  10 eidola
  The ghost of angrytalen3 the Severer, a journeyman MiGl of Hepliaklqana (D:12)
  A green death (Depths:4)
  19 ettins
  6 mummy priests
  13 fire dragons
  2 iron golems (Hell)
  2 crystal guardians (Vaults:4)
  18 jiangshi
  Snorg (Orc:1)
  A spectral spriggan (Crypt:1)
  2 entropy weavers
  16 yaktaur captains
  A shambling mangrove (Abyss:3)
  8 deep elf high priests
  3 spriggan zombies
  3 rakshasas
  34 vault guards
  11 great orbs of eyes
  2 salamander tyrants
  4 ice dragons
  3 peacekeepers
  A hell beast (Depths:1)
  18 hydras
  2 caustic shrike simulacra (IceCv)
  7 alligators
  4 ogre magi
  5 spriggan air magi
  13 ironbound frosthearts
  A radroach (Zot:2)
  4 ghost crabs
  5 boulder beetles
  7 centaur warriors
  11 anacondas
  11 two-headed ogres
  3 deep troll earth magi
  A death scarab (Tomb:1)
  A catoblepas (Lair:5)
  4 tengu warriors
  A deep troll shaman (Depths:2)
  8 hell hogs
  9 vampire magi
  5 spriggan berserkers
  7 death yaks
  5 shock serpents
  7 thrashing horrors
  An azure jelly zombie (Crypt:2)
  37 dancing weapons
  2 spectral dire elephants (Crypt:1)
  10 orc high priests
  5 naga warriors
  2 shock serpents (shapeshifter)
  17 naga sharpshooters
  5 soul eaters
  19 deep elf knights
  8 sun demons
  17 hell knights
  4 iron trolls
  2 salamander mystics (Snake:3)
  2 shadow wraiths
  A fire crab (Abyss:3)
  A spark wasp zombie (Depths:3)
  2 skysharks (Depths:2)
  28 skeletal warriors
  2 goliath frogs (Swamp:3)
  9 large abominations
  2 orange crystal statues
  4 spriggan druids
  2 anaconda zombies
  51 deep trolls
  A quicksilver dragon simulacrum (Vaults:3)
  3 flayed ghosts
  12 swamp dragons
  6 arcanists
  An obsidian statue (Crypt:1)
  11 deep elf archers
  9 mana vipers
  4 glowing orange brains
  17 ironbound convokers
  9 necromancers
  12 phantasmal warriors
  A sea snake (shapeshifter) (Depths:4)
  3 naga ritualists
  A spriggan simulacrum (Crypt:1)
  5 bog bodies
  A bunyip skeleton (Crypt:1)
  13 lindwurms
  2 wolf spider zombies (Crypt:3)
  A lindwurm (shapeshifter) (Depths:1)
  2 anaconda skeletons (Hell)
  2 golden dragon skeletons
  28 deep elf pyromancers
  21 deep elf zephyrmancers
  6 shining eyes
  A spectral ettin (Crypt:1)
  3 harpies (Vaults:1)
  A shining eye (shapeshifter) (Vaults:5)
  4 oklob plants
  13 orc knights
  A faun (Lair:4)
  An eleionoma zombie (Crypt:3)
  4 will-o-the-wisps
  22 ugly things
  4 orc sorcerers
  2 manticores
  A fire giant zombie (Vaults:3)
  10 salamanders
  A frost giant zombie (Vaults:1)
  7 cyclopes
  2 iron dragon skeletons
  4 rust devils
  An elephant (shapeshifter) (Vaults:5)
  30 moths of wrath
  3 apocalypse crabs (Abyss:3)
  45 black mambas
  9 centaur zombies
  7 kobold blastminers
  A meliai (shapeshifter) (D:15)
  12 naga magi
  4 molten gargoyles (Hell)
  A stone giant skeleton (Crypt:3)
  20 vault sentinels
  9 smoke demons
  A torpor snail (Lair:2)
  A purple draconian zombie (Crypt:1)
  3 guardian serpents
  A cane toad (shapeshifter) (D:9)
  A frost giant skeleton (Vaults:1)
  An ice statue (Hell)
  2 gargoyles
  An elephant (Lair:2)
  A torpor snail (shapeshifter) (Vaults:5)
  8 centaur skeletons
  5 eyes of devastation
  Maggie (D:6)
  An unseen horror (shapeshifter) (D:9)
  A hellion (Hell)
  7 cane toads
  4 rime drakes
  5 kobold demonologists
  2 catoblepas zombies
  26 yaktaurs
  A spectral skyshark (Lair:2)
  8 komodo dragons
  A white draconian skeleton (Crypt:2)
  A red draconian zombie (Crypt:3)
  An anaconda simulacrum (IceCv)
  A minotaur skeleton (Crypt:1)
  5 freezing wraiths
  2 tengu conjurers
  A catoblepas skeleton (Crypt:3)
  18 guardian mummies
  A komodo dragon (shapeshifter) (D:9)
  A merfolk (shapeshifter) (Vaults:5)
  A human skeleton (Vaults:3)
  4 spectral harpies (Crypt:1)
  An ancient zyme (Abyss:2)
  2 spectral nagas (Crypt:1)
  8 trolls
  A bloated husk (Swamp:3)
  2 hydra zombies (Hell)
  A queen bee (Lair:2)
  A troll (shapeshifter) (D:14)
  2 hydra skeletons (Hell)
  22 blink frogs
  3 harpy skeletons
  7 tyrant leeches
  3 alligator simulacra (IceCv)
  A polar bear (Lair:5)
  9 hornets
  3 raiju
  A radroach zombie (Crypt:2)
  2 dream sheep (Lair:2)
  5 glass eyes
  A jumping spider zombie (Crypt:1)
  A glass eye (shapeshifter) (Vaults:5)
  A jumping spider (Vaults:4)
  The ghost of Strat the Trooper, an amateur VSNe (D:4)
  117 slime creatures
  A deep troll zombie (Vaults:1)
  2 spectral black mambas (Crypt:1)
  15 spriggans
  8 wyverns
  2 shadows (D:11)
  7 water elementals
  A centaur simulacrum (D:14)
  2 air elementals
  A yak (shapeshifter) (Elf:3)
  A culicivora (Vaults:1)
  2 dire elephant simulacra (Crypt:1)
  An ushabti (Crypt:2)
  An ettin skeleton (Abyss:2)
  A ynoxinul (Lair:5)
  9 wraiths
  71 yaks
  A vampire (D:13)
  5 fire bats (D:9)
  12 basilisks
  A basilisk (shapeshifter) (D:9)
  6 fire elementals
  9 golden eyes
  4 redbacks
  13 vampire mosquitoes
  3 neqoxecs (D:12)
  5 chaos spawn
  2 steam dragons (D:6)
  6 wargs
  2 swamp worms (shapeshifter)
  21 nagas
  A two-headed ogre zombie (Crypt:2)
  A demonspawn zombie (Crypt:2)
  2 harpy simulacra
  A fire bat zombie (Crypt:2)
  A hell hound (D:13)
  A water nymph zombie (Crypt:1)
  A spectral cane toad (Lair:2)
  15 swamp worms
  2 acid dragons
  A spectral polar bear (Lair:2)
  15 water moccasins
  44 orc warriors
  A spectral blink frog (Lair:2)
  4 black bears
  A human zombie (Vaults:1)
  An ettin simulacrum (IceCv)
  18 ogres
  10 swamp drakes
  5 ice beasts
  3 sky beasts
  A boggart (Vaults:4)
  13 wolves
  34 laughing skulls
  A spectral rime drake (Lair:2)
  A merfolk simulacrum (Crypt:1)
  15 centaurs
  7 kobold brigands
  3 phantoms
  A brain worm (Abyss:2)
  2 spectral water moccasins (Lair:2)
  21 bullfrogs
  5 necrophages
  5 scorpions
  3 earth elementals
  19 small abominations
  7 wights
  2 human simulacra (Vaults:3)
  41 killer bees
  8 howler monkeys
  A polar bear skeleton (Crypt:3)
  4 electric eels (D:11)
  4 quasits (D:12)
  2 bombardier beetles
  3 hounds
  12 starcursed masses
  25 orc priests
  2 iron imps (Abyss:2)
  A boggart zombie (Crypt:3)
  4 iguanas (D:6)
  27 orc wizards
  9 hell rats
  2 boggart skeletons (Crypt:3)
  A brain worm zombie (Crypt:2)
  An ogre skeleton (Crypt:3)
  19 mummies
  A howler monkey zombie (Crypt:1)
  9 adders
  7 gnolls
  A river rat (Lair:2)
  2 shadow imps
  An ufetubus (Abyss:2)
  An adder zombie (Crypt:2)
  5 dart slugs
  3 ribbon worms
  110 orcs
  4 endoplasms
  5 giant cockroaches
  A gnoll zombie (Crypt:3)
  10 goblins
  8 hobgoblins
  4 jackals (D:1)
  32 kobolds
  5 quokkas
  8 ball pythons
  6 bats
  3 frilled lizards
  A frilled lizard skeleton (Crypt:1)
  A frilled lizard zombie (Crypt:3)
  9 rats
  An aspiring flesh (Zot:2)
  3 spectral weapons
  2 starspawn tentacles (Abyss:2)
  2 tentacles (Abyss:3)
2651 creatures vanquished.

Vanquished Creatures (others)
  A quicksilver dragon (Zot:1)
  A draconian knight (Zot:1)
  A vault guard (Vaults:5)
  A fire crab (Abyss:3)
  A deep elf zephyrmancer (Elf:2)
  A deep elf pyromancer (Elf:2)
  5 bloated husks
  A swamp drake (Swamp:4)
  16 foxfires
  96 spectral weapons
  4 starspawn tentacles (Abyss:2)
  2 tentacles (Abyss:3)
130 creatures vanquished.

Grand Total: 2781 creatures vanquished

Notes
Turn   | Place    | Note
-------+----------+-------------------------------------------
     0 | D:1      | dacreux the Minotaur Fighter began the quest for the Orb.
     0 | D:1      | Reached XP level 1. HP: 19/19 MP: 0/0
   151 | D:1      | Reached XP level 2. HP: 25/27 MP: 1/1
   413 | D:1      | Reached XP level 3. HP: 33/33 MP: 2/2
  1146 | D:2      | Identified the +0 short sword of Sunlight {pain, Fly rN+
                  | Will- rCorr}
  1599 | D:3      | Found a faded altar of an unknown god.
  1603 | D:3      | Found a stormy altar of Qazlal.
  1612 | D:3      | Reached XP level 4. HP: 40/40 MP: 3/3
  1643 | D:3      | Found an iron altar of Okawaru.
  1652 | D:3      | Became a worshipper of Warmaster Okawaru
  1720 | D:3      | Gained mutation: You are agile. (Dex +4, Str/Int -1)
                  | [potion of mutation]
  1720 | D:3      | Gained mutation: Your muscles are strong. (Str +4, Int/Dex
                  | -1) [potion of mutation]
  1720 | D:3      | Gained mutation: You are robust. (+10% HP) [potion of
                  | mutation]
  2093 | D:3      | Reached XP level 5. HP: 51/51 MP: 4/4
  2242 | D:3      | Found a blossoming altar of Fedhas.
  2491 | D:4      | Noticed a phantom
  2503 | D:4      | Killed a phantom
  2503 | D:4      | Reached * piety under Okawaru
  2504 | D:4      | Reached skill level 5 in Axes
  2517 | D:4      | Reached XP level 6. HP: 55/60 MP: 5/5
  2528 | D:4      | Reached skill level 5 in Armour
  2534 | D:4      | Reached skill level 5 in Fighting
  2607 | D:4      | Reached skill level 1 in Invocations
  2866 | D:4      | Found a hide-covered altar of Uskayaw.
  2894 | D:4      | Found a staircase to the Ecumenical Temple.
  2899 | D:4      | Found an ornate altar of the Wu Jian Council.
  2921 | D:4      | Found a runed translucent door.
  2923 | D:4      | Noticed Strat's ghost (amateur VSNe)
  2943 | D:4      | Found a snail-covered altar of Cheibriados.
  3027 | D:4      | Reached XP level 7. HP: 64/67 MP: 7/7
  3388 | D:5      | Entered Level 5 of the Dungeon
  3884 | D:5      | Found a shimmering blue altar of Sif Muna.
  3895 | D:5      | Reached ** piety under Okawaru
  3928 | D:5      | Reached skill level 1 in Throwing
  4234 | D:5      | You fall into a shaft and drop 2 floors!
  4239 | D:7      | Identified the +7 ring mail of the Saviour {rN+}
  4262 | D:7      | Reached XP level 8. HP: 76/77 MP: 8/8
  4974 | D:6      | Found a shimmering altar of Xom.
  4980 | D:6      | Found Ciroy's Magic Scroll Shop.
  5294 | D:6      | Bought a scroll of enchant armour for 75 gold pieces
  5294 | D:6      | Bought a scroll of identify for 20 gold pieces
  5294 | D:6      | Bought a scroll of identify for 20 gold pieces
  5341 | D:6      | Found Xasuocia's Antique Weapon Boutique.
  5442 | D:6      | Reached *** piety under Okawaru
  5502 | D:6      | Noticed Maggie
  5518 | D:6      | Killed Maggie
  5519 | D:6      | Reached XP level 9. HP: 51/86 MP: 5/10
  5654 | D:6      | Found an opulent altar of Gozag.
  5654 | D:6      | Found a burning altar of Makhleb.
  5787 | D:6      | Bought a glowing broad axe for 140 gold pieces
  5902 | D:6      | Found a shadowy altar of Dithmenos.
  6014 | D:6      | Found Loamocw's Weapon Shoppe.
  6079 | D:6      | Noticed a troll
  6085 | D:6      | Killed a troll
  6086 | D:6      | Reached skill level 10 in Axes
  6301 | D:7      | Reached **** piety under Okawaru
  6652 | D:8      | Reached skill level 5 in Invocations
  6664 | D:8      | Reached XP level 10. HP: 81/96 MP: 9/12
  6932 | D:8      | Reached ***** piety under Okawaru
  6938 | D:8      | Reached skill level 5 in Throwing
  7178 | D:9      | Received a gift from Okawaru
  7217 | D:9      | Found Zaetz's General Store.
  7223 | D:9      | Bought a scroll of brand weapon for 114 gold pieces
  7253 | D:9      | Found a staircase to the Lair.
  7275 | D:9      | Noticed a cyclops
  7285 | D:9      | Killed a cyclops
  8007 | D:9      | Reached XP level 11. HP: 106/106 MP: 14/14
  8022 | D:9      | Noticed a deep elf pyromancer
  8034 | D:9      | Killed a deep elf pyromancer
  8098 | D:9      | Noticed a deep elf pyromancer
  8105 | D:9      | Killed a deep elf pyromancer
  8121 | D:9      | Noticed a deep elf archer
  8121 | D:9      | Noticed a deep elf pyromancer
  8127 | D:9      | Received a gift from Okawaru
  8140 | D:9      | Killed a deep elf pyromancer
  8173 | D:9      | Killed a deep elf archer
  8344 | D:9      | Noticed a deep elf archer
  8363 | D:9      | Killed a deep elf archer
  8364 | D:9      | Reached skill level 10 in Fighting
  8612 | D:9      | Noticed a deep elf pyromancer
  8621 | D:9      | Killed a deep elf pyromancer
  8622 | D:9      | Reached skill level 10 in Armour
  8812 | D:10     | Entered Level 10 of the Dungeon
  8828 | D:10     | Found a glowing silver altar of Zin.
  8840 | D:10     | Found a radiant altar of Vehumet.
  8913 | D:10     | Found a portal to a secret trove of treasure.
  8982 | D:10     | Found a glowing golden altar of the Shining One.
  9006 | D:10     | Noticed a sixfirhy
  9019 | D:10     | Found a flagged portal.
  9045 | Bailey   | Entered a bailey
  9160 | Bailey   | Noticed an orc knight
  9172 | Bailey   | Killed an orc knight
  9172 | Bailey   | Reached ****** piety under Okawaru
  9172 | Bailey   | Received a gift from Okawaru
  9670 | D:10     | Noticed a seven-headed hydra
  9683 | D:10     | Killed an 11-headed hydra
  9696 | D:10     | Acquired the +10 crystal plate armour of Objectivity {Fly}
  9696 | D:10     | Received a gift from Okawaru
  9743 | D:10     | Acquired a +4 executioner's axe of flaming
  9743 | D:10     | Received a gift from Okawaru
  9838 | D:10     | Reached XP level 12. HP: 118/118 MP: 14/16
 10231 | D:11     | Found a staircase to the Orcish Mines.
 10246 | D:11     | Lost mutation: Your muscles are strong. (Str +4, Int/Dex
                  | -1) [potion of mutation]
 10246 | D:11     | Lost mutation: You are agile. (Dex +4, Str/Int -1) [potion
                  | of mutation]
 10246 | D:11     | Gained mutation: Your mind is acute. (Int +4, Str/Dex -1)
                  | [potion of mutation]
 10246 | D:11     | Gained mutation: You are agile. (Dex +4, Str/Int -1)
                  | [potion of mutation]
 10246 | D:11     | Lost mutation: You are robust. (+10% HP) [potion of
                  | mutation]
 10247 | D:11     | Lost mutation: You are agile. (Dex +4, Str/Int -1) [potion
                  | of mutation]
 10247 | D:11     | Lost mutation: Your mind is acute. (Int +4, Str/Dex -1)
                  | [potion of mutation]
 10247 | D:11     | Gained mutation: You occasionally shout uncontrollably at
                  | your foes. [potion of mutation]
 10327 | D:11     | Noticed a boulder beetle
 10341 | D:11     | Killed a boulder beetle
 10837 | D:12     | Found Janepef's Specific Store.
 10841 | D:12     | Found Enyadoviph's General Store.
 10865 | D:12     | Received a gift from Okawaru
 10898 | D:12     | Found a transporter.
 10902 | D:12     | Noticed angrytalen3's ghost (journeyman MiGl)
 10934 | D:12     | Reached skill level 15 in Axes
 11181 | D:12     | Identified the +1 scimitar of Xaoseb {venom, rElec rC+
                  | Str+3}
 11201 | D:12     | Found a transporter.
 12003 | Orc:1    | Entered Level 1 of the Orcish Mines
 12028 | Orc:1    | Noticed Snorg
 12035 | Orc:1    | Killed Snorg
 12113 | Orc:2    | Entered Level 2 of the Orcish Mines
 12113 | Orc:2    | Noticed an orc high priest
 12119 | Orc:2    | Killed an orc high priest
 12119 | Orc:2    | Received a gift from Okawaru
 12122 | Orc:2    | Noticed an orc warlord
 12139 | Orc:1    | Killed an orc warlord
 12189 | Orc:2    | Noticed an orc high priest
 12196 | Orc:2    | Reached XP level 13. HP: 67/118 MP: 14/18
 12202 | Orc:1    | Received a gift from Okawaru
 12558 | Orc:2    | Noticed an orc warlord
 12588 | Orc:2    | Killed an orc warlord
 12841 | Orc:2    | Received a gift from Okawaru
 13060 | Orc:2    | Found a staircase to the Elven Halls.
 13397 | Orc:2    | Found Ockias's Antique Armour Shop.
 13399 | Orc:2    | Found Bypat's Antique Weapon Boutique.
 13522 | Orc:2    | Found Mileploh's Armour Boutique.
 13593 | Orc:2    | Found Hysh's Antique Weapon Boutique.
 14665 | D:13     | Received a gift from Okawaru
 14852 | D:13     | Noticed Azrael
 14866 | D:13     | Killed Azrael
 15121 | D:13     | Found an ancient bone altar of Kikubaaqudgha.
 15452 | Lair:1   | Entered Level 1 of the Lair of Beasts
 15563 | Lair:1   | Received a gift from Okawaru
 15604 | Lair:1   | Reached XP level 14. HP: 130/130 MP: 19/19
 15948 | Lair:1   | Identified the +0 leather armour "Jeggus" {rC++ Int-2
                  | Dex+5}
 16528 | Lair:3   | Received a gift from Okawaru
 17053 | Lair:3   | Found a blossoming altar of Fedhas.
 17431 | Lair:3   | Found a staircase to the Snake Pit.
 17588 | Lair:4   | Found a staircase to the Slime Pits.
 17632 | Lair:4   | You are sucked into a shaft and drop 1 floor!
 17632 | Lair:5   | Entered Level 5 of the Lair of Beasts
 17640 | Lair:5   | Received a gift from Okawaru
 18252 | Lair:5   | Identified the +5 ring mail of the Miller {Harm rF+ rC+}
 18283 | Lair:5   | Received a gift from Okawaru
 18399 | Lair:5   | Reached skill level 15 in Fighting
 18714 | Lair:5   | Reached XP level 15. HP: 107/141 MP: 15/21
 18830 | Lair:5   | Reached skill level 15 in Armour
 18847 | Lair:5   | Found a corrupted altar of Lugonu.
 18847 | Lair:5   | Found a one-way gate to the infinite horrors of the Abyss.
 18860 | Lair:5   | Identified the +1 ring mail "Piadaot" {rPois rF+ Dex+3}
 18871 | Lair:5   | Got an earthy gem with 355 turns to spare
 18945 | Lair:5   | Received a gift from Okawaru
 19513 | Lair:4   | Reached skill level 10 in Invocations
 20100 | Lair:2   | Received a gift from Okawaru
 20469 | D:4      | Killed Strat's ghost
 21245 | Lair:2   | Found a staircase to the Swamp.
 21272 | Swamp:1  | Entered Level 1 of the Swamp
 21961 | D:14     | Received a gift from Okawaru
 22038 | D:14     | Reached skill level 1 in Dodging
 22428 | D:14     | Found a gate to the Vaults.
 22586 | D:15     | Entered Level 15 of the Dungeon
 22846 | D:15     | Identified the +1 war axe of Uskayaw's Regard {holy,
                  | ^Contam rC- rCorr Dex+8}
 22863 | D:15     | Found a transporter.
 22936 | D:15     | Received a gift from Okawaru
 22979 | D:15     | Noticed Nessos
 23009 | D:15     | Killed Nessos
 23174 | D:15     | Reached XP level 16. HP: 54/151 MP: 14/23
 24096 | D:15     | Found a staircase to the Depths.
 24195 | D:15     | Found a transporter.
 24598 | Swamp:1  | Lost mutation: You occasionally shout uncontrollably at
                  | your foes. [potion of mutation]
 24598 | Swamp:1  | Gained mutation: You are weak. (Str -2) [potion of
                  | mutation]
 24598 | Swamp:1  | Lost mutation: You are weak. (Str -2) [potion of mutation]
 24598 | Swamp:1  | Gained mutation: You are clumsy. (Dex -2) [potion of
                  | mutation]
 24599 | Swamp:1  | Lost mutation: You are clumsy. (Dex -2) [potion of
                  | mutation]
 24599 | Swamp:1  | Gained mutation: You are agile. (Dex +4, Str/Int -1)
                  | [potion of mutation]
 24599 | Swamp:1  | Gained mutation: You are dopey. (Int -2) [potion of
                  | mutation]
 24599 | Swamp:1  | Gained mutation: You have a pair of large horns on your
                  | head. [potion of mutation]
 24599 | Swamp:1  | Gained mutation: You have large cloven feet. [potion of
                  | mutation]
 24600 | Swamp:1  | Lost mutation: You have a pair of large horns on your head.
                  | [potion of mutation]
 24600 | Swamp:1  | Lost mutation: You are agile. (Dex +4, Str/Int -1) [potion
                  | of mutation]
 24600 | Swamp:1  | Gained mutation: Your spells are a little easier to cast,
                  | but a little less powerful. [potion of mutation]
 24600 | Swamp:1  | Gained mutation: You occasionally lose the ability to read
                  | scrolls when taking damage. [potion of mutation]
 24601 | Swamp:1  | Lost mutation: You occasionally lose the ability to read
                  | scrolls when taking damage. [potion of mutation]
 24601 | Swamp:1  | Lost mutation: You have large cloven feet. [potion of
                  | mutation]
 24601 | Swamp:1  | Gained mutation: Your muscles are strong. (Str +4, Int/Dex
                  | -1) [potion of mutation]
 24601 | Swamp:1  | Gained mutation: Your muscles are very strong. (Str +8,
                  | Int/Dex -2) [potion of mutation]
 24601 | Swamp:1  | Gained mutation: You are covered in fur. (AC +1) [potion of
                  | mutation]
 24629 | Swamp:1  | Noticed Louise
 24705 | Swamp:1  | Killed Louise
 25131 | Swamp:2  | Received a gift from Okawaru
 26103 | Swamp:3  | Received a gift from Okawaru
 26188 | Swamp:3  | Reached skill level 5 in Dodging
 26937 | Swamp:4  | Entered Level 4 of the Swamp
 26982 | Swamp:4  | Found a glacial archway.
 27004 | IceCv    | Entered an ice cave
 27224 | IceCv    | Found a transporter.
 27234 | IceCv    | Found a transporter.
 27240 | IceCv    | Received a gift from Okawaru
 27626 | Swamp:4  | Identified the +0 leather armour of Joy {Harm *Slow Dex+5}
 27683 | Swamp:4  | Noticed Nikola
 27697 | Swamp:4  | Killed Nikola
 27721 | Swamp:4  | Received a gift from Okawaru
 27843 | Swamp:4  | Reached XP level 17. HP: 93/161 MP: 22/24
 28986 | Swamp:4  | Received a gift from Okawaru
 29370 | Swamp:4  | Got a decaying rune of Zot
 29700 | Snake:1  | Entered Level 1 of the Snake Pit
 29756 | Snake:1  | Lost mutation: You are covered in fur. (AC +1) [potion of
                  | mutation]
 29756 | Snake:1  | Lost mutation: Your spells are a little easier to cast, but
                  | a little less powerful. [potion of mutation]
 29756 | Snake:1  | Lost mutation: You are dopey. (Int -2) [potion of mutation]
 29756 | Snake:1  | Gained mutation: Your magical capacity is low. (-10% MP)
                  | [potion of mutation]
 31118 | Snake:1  | Received a gift from Okawaru
 31307 | Snake:1  | You are sucked into a shaft and drop 1 floor!
 31313 | Snake:2  | Noticed Mlioglotl
 31321 | Snake:2  | Killed Mlioglotl
 31415 | Snake:2  | Noticed Vashnia
 31491 | Snake:2  | Killed Vashnia
 31491 | Snake:2  | Received a gift from Okawaru
 31997 | Snake:2  | Identified the serpent talisman of the Turtledove {Will++
                  | Stlth+}
 31997 | Snake:2  | Noticed Aizul
 32010 | Snake:2  | Killed Aizul
 32614 | Snake:2  | Found a runed translucent door.
 32615 | Snake:2  | Noticed Nys Cevy's ghost (adept TrFi)
 32710 | Snake:2  | Found a shimmering blue altar of Sif Muna.
 33233 | Snake:3  | Found a runed translucent door.
 33233 | Snake:3  | Noticed hikkokomori's ghost (adept GrAl)
 33289 | Snake:3  | Killed hikkokomori's ghost
 33475 | Snake:3  | Received a gift from Okawaru
 33742 | Snake:3  | Identified a scroll of acquirement
 35083 | Snake:1  | Reached XP level 18. HP: 172/172 MP: 23/23
 35257 | Snake:1  | Found the +7 captain's cutlass {speed, disarm}
 35269 | Snake:1  | Received a gift from Okawaru
 35274 | Snake:1  | Identified the +5 hand axe of the Brewing Saviour {venom,
                  | rPois rC+ Stlth+}
 35589 | Snake:4  | Entered Level 4 of the Snake Pit
 35589 | Snake:4  | Found Gamoun's Book Emporium.
 35657 | Snake:4  | Reached skill level 5 in Shields
 36802 | Snake:4  | Got a serpentine rune of Zot
 37155 | Vaults:1 | Entered Level 1 of the Vaults
 37207 | Vaults:1 | Received a gift from Okawaru
 37431 | Vaults:1 | Received a gift from Okawaru
 37812 | Vaults:1 | Identified the +11 scimitar "Haheim" {venom, rElec Will+
                  | SInv}
 37997 | Vaults:1 | Received a gift from Okawaru
 38446 | Vaults:1 | You are sucked into a shaft and drop 1 floor!
 38689 | Vaults:2 | Reached XP level 19. HP: 154/184 MP: 20/24
 39037 | Vaults:2 | Reached skill level 10 in Shields
 39066 | Vaults:2 | Noticed Xtahua
 39066 | Vaults:2 | Identified the +2 great mace "Biplataf" {flame, rCorr
                  | Dex+2}
 39162 | Vaults:2 | Received a gift from Okawaru
 39448 | Vaults:2 | Found Jaqenwoexy's Jewellery Boutique.
 39456 | Vaults:2 | Bought a +6 ring of strength for 540 gold pieces
 39630 | Vaults:2 | Noticed tamionv's ghost (adept GrFi)
 39631 | Vaults:2 | Found a transporter.
 39776 | Vaults:2 | Found Goxkuut's General Store.
 39914 | Vaults:2 | Reached skill level 10 in Dodging
 39920 | Vaults:2 | HP: 2/185 [deep troll[an ironbound preserver] (13)]
 40917 | Vaults:2 | Paralysed by a sphinx for 4 turns
 41031 | Vaults:2 | Found a transporter.
 41425 | D:12     | Killed angrytalen3's ghost
 41425 | D:12     | Received a gift from Okawaru
 41600 | Slime:1  | Entered Level 1 of the Pits of Slime
 42178 | Elf:1    | Entered Level 1 of the Elven Halls
 42382 | Elf:1    | Paralysed by an air elemental for 1 turns
 42387 | Elf:1    | Paralysed by an air elemental for 1 turns
 42390 | Elf:1    | Paralysed by an air elemental for 1 turns
 43157 | Elf:1    | Received a gift from Okawaru
 43418 | Elf:1    | Identified the +1 trident "Zuiff" {antimagic, rPois rC-
                  | Dex+3}
 43859 | Elf:2    | Noticed a Tzitzimitl
 44277 | Elf:2    | Noticed a Brimstone Fiend
 44478 | Abyss:2  | Cast into level 2 of the Abyss (a deep elf demonologist)
 44496 | Abyss:2  | Found a corrupted altar of Lugonu.
 44502 | Abyss:2  | Found a corrupted altar of Lugonu.
 44502 | Abyss:2  | Found a corrupted altar of Lugonu.
 44686 | Abyss:2  | HP: 8/188 [wretched star/lance of force (15)]
 44740 | Abyss:2  | Received a gift from Okawaru
 44747 | Elf:2    | Escaped the Abyss
 45073 | Elf:2    | Reached XP level 20. HP: 188/192 MP: 25/25
 45336 | Elf:2    | Found a runed translucent gate.
 45336 | Elf:2    | Found a runed translucent gate.
 45337 | Elf:2    | Found a runed translucent gate.
 46163 | Elf:2    | Received a gift from Okawaru
 46710 | Elf:3    | Entered Level 3 of the Elven Halls
 47113 | Abyss:2  | Cast into level 2 of the Abyss (a deep elf sorcerer)
 47176 | Abyss:2  | Found a corrupted altar of Lugonu.
 47215 | Abyss:3  | Found a hide-covered altar of Uskayaw.
 47355 | Abyss:3  | Paralysed by accursed screaming for 1 turns
 47365 | Abyss:3  | Noticed a bone dragon
 47380 | Abyss:3  | Killed a bone dragon
 47393 | Abyss:3  | Got an abyssal rune of Zot
 47413 | Elf:3    | Escaped the Abyss
 47764 | Elf:3    | Received a gift from Okawaru
 48794 | Elf:3    | Identified the +8 scimitar "Worm's Wrath" {drain, rPois rF-
                  | rC+ Will+++}
 49134 | Elf:3    | Received a gift from Okawaru
 49232 | Elf:3    | Identified the +0 ring mail of Inaction {Fly rElec Will-
                  | rCorr}
 49242 | Elf:3    | Reached XP level 21. HP: 139/207 MP: 21/26
 49278 | Elf:3    | Identified the +4 hat of Dynoda {Str+3}
 49295 | Elf:3    | Identified the +1 arbalest of the Globe {drain, Will+}
 49299 | Elf:3    | Found the +6 lightning scales {swift, rElec}
 49342 | Elf:3    | Got Jofewn's Vellum of a Thousand Runes
 50035 | Slime:5  | Entered Level 5 of the Pits of Slime
 50076 | Slime:5  | Noticed Dissolution
 50090 | Slime:5  | Killed Dissolution
 50090 | Slime:5  | Received a gift from Okawaru
 50094 | Slime:5  | Lost mutation: Your muscles are very strong. (Str +8,
                  | Int/Dex -2) [a shining eye]
 50135 | Slime:1  | Gained mutation: You are dopey. (Int -2) [a shining eye]
 50817 | Vaults:3 | Reached skill level 15 in Shields
 50939 | Vaults:3 | Noticed Asterion
 50944 | Vaults:3 | Killed Asterion
 50944 | Vaults:3 | Received a gift from Okawaru
 51336 | Vaults:3 | Found Jasiwe's Weapon Boutique.
 51342 | Vaults:3 | Bought the +8 hand axe "Cud Boj" {speed, rC+} for 630 gold
                  | pieces
 51377 | Vaults:3 | Identified the orb of a volcano {*channel, Str+3 Necro}
 51377 | Vaults:3 | Noticed Frederick
 51394 | Vaults:3 | Killed Frederick
 51394 | Vaults:3 | Received a gift from Okawaru
 51768 | Vaults:3 | Found Risaw's Magic Scroll Shoppe.
 51776 | Vaults:3 | Bought a scroll of enchant weapon for 157 gold pieces
 51910 | Vaults:3 | Found a staircase to the Crypt.
 51910 | Vaults:3 | Found an ancient bone altar of Kikubaaqudgha.
 51911 | Vaults:3 | Found a basalt altar of Yredelemnul.
 52210 | Vaults:4 | Received a gift from Okawaru
 52407 | Vaults:4 | Reached XP level 22. HP: 180/220 MP: 22/26
 52762 | Vaults:4 | Identified the +1 plate armour "Gaapiyle" {Will+}
 52775 | Vaults:4 | Received a gift from Okawaru
 53636 | Vaults:4 | Lost mutation: Your magical capacity is low. (-10% MP)
                  | [potion of mutation]
 53636 | Vaults:4 | Lost mutation: You are dopey. (Int -2) [potion of mutation]
 53636 | Vaults:4 | Lost mutation: Your muscles are strong. (Str +4, Int/Dex
                  | -1) [potion of mutation]
 53636 | Vaults:4 | Gained mutation: You are occasionally teleported next to
                  | monsters. [potion of mutation]
 53636 | Vaults:4 | Gained mutation: You are frail. (-10% HP) [potion of
                  | mutation]
 53636 | Vaults:4 | Gained mutation: You have large cloven feet. [potion of
                  | mutation]
 53636 | Vaults:4 | Gained mutation: You expend magic power (3 MP) to
                  | strengthen your wands. [potion of mutation]
 53789 | Vaults:5 | Entered Level 5 of the Vaults
 53789 | Vaults:5 | Noticed Boris
 53795 | Vaults:4 | Killed Boris
 53925 | Vaults:5 | Received a gift from Okawaru
 53929 | Vaults:5 | Noticed Saint Roka
 53940 | Vaults:5 | Noticed a golden dragon
 54468 | Vaults:5 | Killed Saint Roka
 54738 | Vaults:5 | Killed a golden dragon
 54869 | Vaults:5 | Received a gift from Okawaru
 54887 | Vaults:5 | Noticed a golden dragon
 54895 | Vaults:5 | Killed a golden dragon
 55363 | Vaults:5 | Identified the +8 spear "Heyps" {flame, MP+9 Str-4 Int+5}
 55366 | Abyss:3  | Cast into level 3 of the Abyss (a deep elf sorcerer)
 55376 | Vaults:5 | Escaped the Abyss
 55380 | Vaults:5 | Noticed a dread lich
 55394 | Vaults:5 | Killed a dread lich
 55461 | Vaults:5 | Received a gift from Okawaru
 55462 | Vaults:5 | Gained mutation: You do not regenerate when monsters are
                  | visible. [a shining eye]
 56102 | Vaults:5 | Noticed an ancient lich
 56109 | Vaults:5 | Killed an ancient lich
 56136 | Vaults:5 | Reached XP level 23. HP: 208/208 MP: 31/31
 56168 | Vaults:5 | Received a gift from Okawaru
 56504 | Vaults:5 | Found the +9 staff of Olgreb {rPois∞}
 56677 | Vaults:5 | Got a silver rune of Zot
 56812 | Vaults:5 | Identified the amulet "Foqeev" {Acrobat rF+ Will+}
 56884 | Vaults:5 | Identified the +0 chain mail of the Northern Lights {Str+2}
 57114 | Vaults:5 | Identified the +1 shortbow "Voagraesk" {flame, Will+}
 57426 | Vaults:2 | Killed Xtahua
 57427 | Vaults:2 | Reached skill level 1 in Evocations
 57753 | Snake:2  | Killed Nys Cevy's ghost
 57759 | Snake:2  | Identified the +6 quarterstaff "Iquz Onu" {holy, Str+5}
 58104 | Crypt:1  | Entered Level 1 of the Crypt
 58245 | Crypt:1  | Identified the ring "Qayrgh" {Ice Str+3 Int+2}
 58245 | Crypt:1  | Noticed Josephina
 58254 | Crypt:1  | Upgraded the game from 0.31.0-7-gf635a9b802 to
                  | 0.31.0-9-g3a7656b989
 58262 | Crypt:1  | Killed Josephina
 58343 | Crypt:1  | Lost mutation: You expend magic power (3 MP) to strengthen
                  | your wands. [potion of mutation]
 58343 | Crypt:1  | Lost mutation: You do not regenerate when monsters are
                  | visible. [potion of mutation]
 58343 | Crypt:1  | Lost mutation: You are frail. (-10% HP) [potion of
                  | mutation]
 58343 | Crypt:1  | Gained mutation: Your mind is acute. (Int +4, Str/Dex -1)
                  | [potion of mutation]
 58751 | Vaults:3 | Bought a scroll of teleportation for 63 gold pieces
 58821 | Vaults:3 | Received a gift from Okawaru
 58855 | Vaults:2 | Bought a wand of digging (4) for 369 gold pieces
 58855 | Vaults:2 | Bought a scroll of fog for 88 gold pieces
 58998 | D:12     | Bought a wand of acid (2) for 117 gold pieces
 59002 | D:12     | Bought 2 potions of berserk rage for 150 gold pieces
 59135 | D:6      | Bought a scroll of fog for 40 gold pieces
 59135 | D:6      | Bought a scroll of teleportation for 30 gold pieces
 59135 | D:6      | Bought a scroll of revelation for 75 gold pieces
 59135 | D:6      | Bought a scroll of teleportation for 30 gold pieces
 59135 | D:6      | Bought a scroll of fear for 40 gold pieces
 59377 | Depths:1 | Entered Level 1 of the Depths
 59509 | Depths:1 | Lost mutation: You are occasionally teleported next to
                  | monsters. [potion of mutation]
 59509 | Depths:1 | Lost mutation: Your mind is acute. (Int +4, Str/Dex -1)
                  | [potion of mutation]
 59509 | Depths:1 | Gained mutation: You are partially covered in large bone
                  | plates. (SH +4) [potion of mutation]
 59660 | Depths:1 | Found a gateway to Hell.
 60363 | Depths:2 | Found a one-way gate leading to the halls of Pandemonium.
 60741 | Depths:2 | Received a gift from Okawaru
 61003 | Depths:2 | Reached skill level 5 in Evocations
 61087 | Depths:2 | Reached skill level 10 in Throwing
 61372 | Depths:2 | Found a one-way gateway to a ziggurat.
 61399 | Depths:2 | Noticed Vv
 61773 | Depths:2 | Killed Vv
 61999 | Depths:2 | Noticed Norris
 62009 | Depths:2 | Noticed a caustic shrike
 62378 | Depths:2 | Killed Norris
 62828 | Depths:2 | Killed a caustic shrike
 63667 | Slime:3  | Received a gift from Okawaru
 64003 | Slime:3  | Reached XP level 24. HP: 227/245 MP: 31/31
 65017 | Slime:5  | Noticed the Royal Jelly
 65450 | Slime:5  | Gained mutation: Your body sometimes deteriorates upon
                  | taking damage. [a shining eye]
 65453 | Slime:5  | Gained mutation: Your magical capacity is low. (-10% MP) [a
                  | shining eye]
 65501 | Slime:5  | Found a viscous altar of Jiyva.
 65528 | Slime:5  | Received a gift from Okawaru
 65556 | Slime:5  | Killed the Royal Jelly
 65576 | Slime:5  | HP: 12/246 [acid blob/splash of acid[the Royal Jelly] (25)]
 66063 | Slime:5  | Identified the ring of Yloallur {rElec Will+ EV+5 Int+2
                  | Slay-2}
 66065 | Slime:5  | Identified the ring "Hutsou Irun" {Wiz rC++ Str+3 Stlth+}
 66068 | Slime:5  | Identified the amulet "Gonuicuu" {RegenMP ^Fragile rF+++
                  | Regen+ Int-4}
 66090 | Slime:5  | Identified the +6 glaive of Distraction {spect, ^Drain
                  | rC+++ Int+4}
 66218 | Slime:5  | Got a slimy rune of Zot
 66261 | Slime:5  | Identified the +3 great mace of Desperation {freeze,
                  | *Corrode rC+ SInv Stlth+}
 66329 | Slime:5  | Got Zifiat's Compilation of Injury and Alteration
 67772 | Depths:3 | Identified the ring of Lesser Demons {rF+ rCorr EV+5}
 68075 | Depths:3 | Found Qoemuatieb's Book Boutique.
 68076 | Depths:3 | Found Jany's Jewellery Emporium.
 68077 | Depths:3 | Found Myd Naerph's Book Boutique.
 68081 | Depths:3 | Received a gift from Okawaru
 68108 | Depths:3 | Bought the ring of Arphiajec {rN++ Dex+6} for 1284 gold
                  | pieces
 68297 | Depths:3 | Found a glowing golden altar of the Shining One.
 68378 | Depths:3 | Identified the amulet "Osmara" {Acrobat rN++ Regen+}
 68416 | Depths:3 | Identified the +2 hand axe of the Big Fish {holy, Str+2}
 68421 | Depths:3 | Identified the ring "Wuippeo" {Will+ rCorr}
 68798 | Depths:4 | Entered Level 4 of the Depths
 69075 | Depths:4 | Noticed the Enchantress
 69110 | Depths:4 | Killed the Enchantress
 69312 | Depths:4 | Received a gift from Okawaru
 69318 | Depths:4 | Reached skill level 27 in Fighting
 69511 | Depths:4 | Found a gate to the Realm of Zot.
 70575 | Crypt:1  | Reached XP level 25. HP: 239/257 MP: 26/27
 70593 | Crypt:1  | Reached skill level 10 in Evocations
 70783 | Crypt:1  | Noticed a royal mummy
 70793 | Crypt:1  | Killed a royal mummy
 71270 | Crypt:2  | Noticed Mennas
 71293 | Crypt:2  | Killed Mennas
 71293 | Crypt:2  | Received a gift from Okawaru
 71822 | Crypt:3  | Entered Level 3 of the Crypt
 72022 | Crypt:3  | Identified the +0 plate armour of Buuf Oss {Str+3 Int+4}
 72088 | Crypt:3  | Received a gift from Okawaru
 72666 | Crypt:3  | Found a staircase to the Tomb.
 72968 | Crypt:3  | Identified the ring "Javiyg" {rElec rN+ Str+3}
 73060 | Crypt:3  | Found a basalt altar of Yredelemnul.
 73066 | Crypt:3  | Found an ancient bone altar of Kikubaaqudgha.
 73097 | Crypt:3  | Got the Book of Open Graves
 73141 | Crypt:3  | Identified the ring of Puyso {*Corrode rN+ Will+ Dex+5}
 73447 | Crypt:3  | Identified the +4 double sword "Ramerel" {pain, Dex+4}
 73738 | Tomb:1   | Entered Level 1 of the Tomb of the Ancients
 74082 | Hell     | Entered the Vestibule of Hell
 74087 | Hell     | Noticed Murray
 74309 | Depths:3 | Killed Murray
 74740 | Depths:4 | Reached skill level 15 in Dodging
 74826 | Hell     | Found a gateway to the ashen valley of Gehenna.
 75066 | Hell     | Noticed Geryon
 75085 | Hell     | Killed Geryon
 75152 | Depths:4 | HP: 1/256 [poisoned by a putrid mouth (foul vapour)]
 75157 | Depths:4 | HP: 9/257 [poisoned by a putrid mouth (foul vapour)]
 75621 | Hell     | Found a gateway to the freezing wastes of Cocytus.
 75630 | Hell     | Received a gift from Okawaru
 75734 | Hell     | Found a gateway to the Iron City of Dis.
 75909 | Hell     | Found a gateway to the decaying netherworld of Tartarus.
 76962 | Zot:1    | Entered Level 1 of the Realm of Zot
 76965 | Zot:1    | Identified the +5 cloak of the Earth {-Tele Fly Int+2
                  | Dex+4}
 76967 | Zot:1    | Identified the +2 cloak "Bios" {rPois rCorr Str+2}
 76969 | Zot:1    | Reached XP level 26. HP: 208/266 MP: 27/27
 77759 | Depths:4 | Received a gift from Okawaru
 77908 | Zot:1    | Identified the ring "Catzao Voggu" {rC+ rCorr SInv}
 78017 | Zot:1    | Noticed stpyramids's ghost (legendary DDFi)
 78018 | Zot:1    | Found a transporter.
 78025 | Zot:1    | Found the -2 hat of the Alchemist {rElec rPois rF+ rC+ rN+
                  | Will+ rMut rCorr}
 78026 | Zot:1    | Found a bloodstained altar of Trog.
 78043 | Zot:1    | Found a transporter.
 78360 | Zot:1    | HP: 11/266 [poisoned by a green draconian monk (poison
                  | gas)]
 78361 | Zot:1    | HP: 5/266 [poisoned by a green draconian monk (poison gas)]
 78689 | Zot:1    | Identified the +6 dagger of War {freeze, rElec rPois Will+
                  | Int-3}
 79038 | Zot:1    | Received a gift from Okawaru
 79328 | Vaults:2 | Killed tamionv's ghost
 80156 | D:10     | You paid a toll of 2 scrolls of acquirement to enter a
                  | treasure trove
 80157 | Trove    | Entered a treasure trove
 80161 | Trove    | Identified the +1 pair of boots of Exclusion {rF++ Str+3}
 80175 | Trove    | Identified the +0 scale mail of Teotsad {rN+ MP+9}
 80180 | Trove    | Identified the +1 pair of boots of Midsummer {Str+4}
 80181 | Trove    | Identified the +0 plate armour of Springtime {+Inv rElec
                  | rF+++ Str-4}
 80193 | Trove    | Identified the +1 hat "Luqoododem" {rElec}
 80206 | Trove    | Identified the scarf of Leaves {harm, Fly rCorr}
 81339 | Zot:3    | Identified the +6 broad axe "Qibyc" {freeze, Dex+5}
 81356 | Zot:3    | Noticed sasquatch's ghost (legendary MiFi)
 81539 | Zot:3    | Found a transporter.
 81548 | Zot:3    | Found the sphere of Battle
 81549 | Zot:3    | Identified the +2 leather armour of the Barnacle {*Corrode
                  | +Blink rElec Str+8}
 81708 | Zot:3    | Found a transporter.
 81950 | Zot:4    | Reached skill level 27 in Armour
 82257 | Zot:4    | Found Usopeogg's CLEARANCE SALE!.
 82759 | Zot:5    | Entered Level 5 of the Realm of Zot
 82841 | Zot:5    | Reached XP level 27. HP: 273/273 MP: 27/27
 82859 | Zot:5    | Received a gift from Okawaru
 83168 | Zot:5    | Identified the +8 quarterstaff "Eviscerator" {flame, Dex+2
                  | Stlth+}
 83385 | Zot:5    | Noticed an ancient lich
 83390 | Zot:5    | Noticed a dread lich
 83397 | Zot:5    | Noticed an orb of fire
 83402 | Zot:5    | Noticed an orb of fire
 83409 | Zot:5    | Gained mutation: Potions are less effective at restoring
                  | your health. [an orb of fire]
 83410 | Zot:5    | Gained mutation: You are vulnerable to heat. (rF-) [an orb
                  | of fire]
 83411 | Zot:5    | Killed an orb of fire
 83412 | Zot:5    | Gained mutation: You are clumsy. (Dex -2) [an orb of fire]
 83413 | Zot:5    | Noticed an orb of fire
 83413 | Zot:5    | Noticed an ancient lich
 83413 | Zot:5    | Noticed an ancient lich
 83432 | Zot:5    | HP: 9/409 [electric golem/bolt of lightning (15)]
 83432 | Zot:5    | Killed from afar by a Killer Klown

Illustrated notes

Levels and vault maps discovered:
D:1:      dpeg_arrival_erosion, layout_basic, st_stairs_8
D:2:      layout_loops_cross, minmay_misc_feat_plants,
          nicolae_concentric_dashed_squares_wild, minmay_close_crescents
D:3:      layout_basic, nicolae_qazlal_scattered_showers, lemuel_crystal_altar,
          fedhas_altar_4, ebering_ecumenical_altar_sacrificial
D:4:      nicolae_cairo_tiling_large_dashed, layout_loops_ring,
          mainiacjoe_overflow_six_doors_small, nzn_wu_jian_contemplation,
          slow_altar_2, minmay_temple_entry_metal_lava,
          ebering_ghost_inner_flame
D:5:      layout_layer_cave, mainiacjoe_overflow_concentric_impassable
D:6:      layout_loops_ring, lemuel_tele_altar, marbit_many_paths,
          jmf_multi_god_temple, serial_shops, nicolae_shop_gibbet_a_chance,
          shop, shop, chequers_serial_rivers_micro_d, uniq_maggie
D:7:      layout_rooms
D:8:      minmay_bubble_buster, layout_basic, chequers_serial_rivers_micro_a
D:9:      dpeg_index_elf_rogue_hall, layout_irregular_city, serial_shops,
          nicolae_square_shop
D:10:     layout_loops_ring, vehumet_statue, mainiacjoe_overflow_catwalk,
          mainiacjoe_overflow_tiny_flanked, trove_entry_hex_spiral,
          lightli_bailey_entry_fortress, minmay_orc_keep
D:11:     lemuel_ice_spiral_2, layout_basic, orc_0_dummy
D:12:     layout_roguey [special_room_orc], serial_curves, eino_curves_04,
          eino_curves_03, gammafunk_ghost_stat_death, nicolae_specific_store
D:13:     layout_cave_pools, kiku_gazebo_garden_becter, uniq_azrael
D:14:     layout_loops_corners, hellmonk_vaults_attempted_burglary,
          moated_statue, statue_in_the_mist_lemuel
D:15:     grunt_enter_depths_magical_seal, layout_loops_ring, eino_curves_03,
          nicolae_diode_stairs, uniq_nessos
Lair:1:   layout_roguey
Lair:2:   regret_index_harrowing_hell_hive, layout_chaotic_city,
          nicolae_swamp_entry_spooky
Lair:3:   layout_loops_ring, alex1729_snake_entry_snake, hangedman_tree_tricks,
          infiniplex_staircase_pool_2
Lair:4:   layout_layer_cave, slime_entry_1, st_stairs_13,
          grunt_forest_large_clearings
Lair:5:   hellmonk_lair_end_abyssal_woods, layout_loops_ring,
          nicolae_lair_lil_pond, chequers_serial_rivers_micro_d,
          hellmonk_talismancer, lemuel_fruit_tree
Swamp:1:  layout_falls_marsh, hangedman_swamp_ruin_wall, swamp_pool_1_2,
          uniq_louise
Swamp:2:  layout_basic_swamp, evilmike_swamp_ruin_house_3
Swamp:3:  layout_basic_swamp, evilmike_swamp_ruin_house_5,
          nicolae_swamp_bunyip_nook
Swamp:4:  swamp_fiery, layout_basic_swamp, portal_ice_cave_entry_frozen_things,
          swamp_pool_1_2, uniq_nikola
Snake:1:  kennysheep_snake, layout_layer_cave, nrook_loot_triangle,
          grunt_megastairs_1
Snake:2:  layout_basic, basic_altar, ebering_ghost_reflecting_pool,
          nicolae_zig_zag_zippers, uniq_mlioglotl, uniq_aizul, uniq_vashnia
Snake:3:  layout_layer_cave, hellmonk_ghost_happy_afterlife
Snake:4:  hellmonk_snake_rune_quicksilver_temple, layout_rooms, serial_shops,
          shop_fountains, hangedman_snake_pattern
Slime:1:  layout_caves
Slime:2:  layout_caves
Slime:3:  layout_caves
Slime:4:  layout_caves
Slime:5:  slime_pit_nicolae_trefoil, uniq_dissolution
Orc:1:    layout_caves, uniq_snorg
Orc:2:    grunt_orc_community_town_hall, layout_caves,
          grunt_orc_community_big_house_1, grunt_orc_community_big_house_1,
          grunt_orc_community_house_3, grunt_orc_community_house_1,
          grunt_orc_community_house_2, grunt_orc_community_house_3
Elf:1:    elf_arrival_001, layout_gridlike, nicolae_elf_blasts_and_bolts
Elf:2:    nicolae_elf_blades_splatter_lattice
          [nicolae_blade_entry_crossed_weapons], layout_gridlike, minivault_19
Elf:3:    minmay_elf_hall_curves, layout_geoelf_octagon, special_room
          [special_room_orc], minivault_27
Vaults:1: vaults_room_boxed, nicolae_vaults_asterisk,
          nicolae_vaults_sesquioval_fish, nicolae_vaults_turnstiles,
          nicolae_vaults_off_center_swirl, v_misc_5,
          nicolae_vaults_circle_grid_a, nicolae_vaults_windows_and_doors_thing,
          v_misc_12, vaults_room_grid, layout_vaults_omnibox
Vaults:2: gammafunk_ghost_smash, nicolae_vaults_statue_guard,
          nicolae_vaults_double_plus_1, v_misc_28, ontoclasm_vaults_hangar,
          vaults_room_pool, v_rooms_4, vaults_standard_mumra_lines,
          vaults_standard_mumra_enter_the_diamond, grunt_vaults_diagonal,
          nicolae_vaults_storage_closets_1, v_misc_23,
          layout_vaults_chaotic_city, serial_shops, shop, shop, uniq_xtahua
Vaults:3: nicolae_vaults_sightless_eye, nicolae_vaults_offset_grid_hallway_1,
          minmay_crypt_entry_necro_gods, hangedman_vaults_nails,
          nicolae_vaults_diamond_2, nicolae_vaults_three_branches,
          vaults_dpeg_doors, hangedman_vaults_locks, vaults_mumra_minichess,
          nicolae_vaults_storage_closets_2, nicolae_vaults_storage_room_doors,
          layout_vaults_maze, serial_shops, shop, shop, uniq_frederick,
          uniq_asterion
Vaults:4: v_alt_pattern_6, v_misc_19, ontoclasm_vaults_hangar,
          ontoclasm_vaults_twist, vaults_room_door_hall, vaults_mumra_hexcomb,
          hangedman_vaults_restitches, nicolae_vaults_twisting_passages,
          nicolae_vaults_heart-shaped_vault,
          nicolae_vaults_trapezoid_lopsided_1, nicolae_vaults_tetromino_L_2,
          layout_vaults_omnicross
Vaults:5: uniq_saint_roka, uniq_margery, uniq_boris
Crypt:1:  lemuel_minitomb, layout_gridlike, grunt_megastairs_5,
          grunt_crypt_arrival_split, uniq_josephina
Crypt:2:  layout_chaotic_city, uniq_mennas
Crypt:3:  lightli_unholy_cathedral, layout_chaotic_city,
          nicolae_tomb_entry_unfolded_pyramid_orthogonal,
          minmay_guarded_unrand_zonguldrok
Tomb:1
Depths:1: layout_gridlike, roderic_cross_of_infinity, grunt_mini_vestibule,
          kennysheep_generic_room_3, kennysheep_random_hallway
Depths:2: cell_vault, layout_cave_shapes, enter_ziggurat_f, pan_entry,
          grunt_hell_entry_dis_old, uniq_vv, uniq_norris
Depths:3: grunt_double_whammy, layout_long_grid, abyss_entry_crystal,
          nicolae_tso_carved_into_rock, hell_entry, minmay_staircase_bubble,
          minmay_shop_grove
Depths:4: evilmike_zot_entry_basic, layout_honeycomb, pf_coc_iceberg,
          uniq_enchantress
Hell
Zot:1:    layout_misc_corridors, gammafunk_ghost_wrathful_warriors,
          grunt_megastairs_3
Zot:2:    layout_onion, lemuel_elevator
Zot:3:    layout_onion, gammafunk_ghost_berserking_beasts, grunt_ministairs_6
Zot:4:    layout_cellular_growth, nicolae_shop_clearance
Zot:5:    layout_misc_corridors

Skill      XL: |  1  2  3  4  5  6  7  8  9 10 11 12 13 14 15 16 17 18 19 20 21 22 23 24 25 26 |
---------------+-------------------------------------------------------------------------------+-----
Axes           | 3 4 5 6 7 9 10 12 14 16 18 20 21 22 24 | 24.0
Armour         | 4 5 6 7 8 9 10 12 13 14 16 18 19 20 21 23 24 25 26 27 | 27.0
Fighting       | 4 5 6 7 8 9 10 12 13 15 16 17 18 19 20 22 23 24 26 27 | 27.0
Shields        | 4 9 12 14 16 17 18 19 20 22 | 22.7
Invocations    | 1 2 3 5 6 7 9 10 11 12 | 12.0
Throwing       | 1 3 4 6 8 10 11 13 14 | 14.6
Dodging        | 3 6 8 9 11 13 14 15 17 | 17.8
Evocations     | 6 9 13 14 | 14.8

Action                     |  1- 3 |  4- 6 |  7- 9 | 10-12 | 13-15 | 16-18 | 19-21 | 22-24 | 25-27 || total
---------------------------+-------+-------+-------+-------+-------+-------+-------+-------+-------++-------
  Melee: War axe           |    85 |   116 |   115 |       |       |       |       |       |       ||   316
         Headbutt          |    11 |    14 |    34 |   122 |   161 |   296 |   367 |   324 |   354 ||  1683
         Broad axe         |       |       |    62 |   339 |       |       |   468 |  1076 |   919 ||  2864
         Executioner's axe |       |       |       |   220 |   818 |   608 |       |       |       ||  1646
         Hand axe          |       |       |       |       |       |   559 |   967 |       |       ||  1526
  Throw: Boomerang         |     3 |       |    35 |    44 |    51 |     1 |       |       |       ||   134
         Javelin           |       |       |       |     6 |     5 |    24 |     8 |    53 |   193 ||   289
         Dart              |       |       |       |       |       |     1 |       |       |     1 ||     2
 Invoke: Heroism           |       |       |     1 |     3 |       |     6 |     2 |     7 |     7 ||    26
         Receive Weapon    |       |       |       |     1 |       |       |       |       |       ||     1
         Receive Armour    |       |       |       |     1 |       |       |       |       |       ||     1
         Finesse           |       |       |       |       |       |     1 |     1 |     6 |     7 ||    15
  Evoke: Wand              |       |       |       |     1 |       |       |     2 |       |    14 ||    17
         Lightning rod     |       |       |       |       |       |       |       |     2 |       ||     2
         Condenser vane    |       |       |       |       |       |       |       |       |     1 ||     1
    Use: Potion            |       |     2 |       |     4 |     1 |    20 |     8 |     8 |     7 ||    50
         Scroll            |       |     1 |    11 |    10 |     7 |     9 |    22 |    13 |    11 ||    84
   Stab: Invisible         |       |       |       |     1 |       |       |       |       |       ||     1
         Distracted        |       |       |       |       |       |       |    10 |    33 |    27 ||    70
 Armour: Scale mail        |    71 |    91 |    49 |       |       |       |       |       |       ||   211
         Ring mail         |       |       |    84 |   257 |       |       |       |       |       ||   341
         Crystal plate arm |       |       |       |   294 |   904 |  1064 |   773 |   430 |   354 ||  3819
         Skin              |       |       |       |       |       |       |    29 |       |     4 ||    33
  Dodge: Dodged            |    45 |    50 |   119 |   385 |   476 |   589 |   414 |   180 |   250 ||  2508
  Block: Buckler           |    23 |    25 |    42 |    89 |       |       |       |       |       ||   179
         Tower shield      |       |       |       |       |       |   348 |  1126 |   968 |  1039 ||  3481
         Reflection        |       |       |       |       |       |    27 |    71 |    56 |    21 ||   175
